 Dungeon Crawl Stone Soup version 0.29.0-4-gdea44cf6ec (webtiles) character file.

Game seed: 3151562482657325717

546 qw the Ruffian (level 7, 0/61 HPs)
             Began as a Ghoul Fire Elementalist on Aug 30, 2022.
             Slain by a necrophage (6 damage)
             ... on level 5 of the Dungeon.
             The game lasted 00:03:07 (4416 turns).

qw the Ruffian (Ghoul Fire Elementalist)            Turns: 4416, Time: 00:03:07

Health: 0/61       AC: 10    Str: 13 (14) XL:     7   Next: 28%
Magic:  8/8        EV:  3    Int:  9 (10) God:
Gold:   205        SH:  0    Dex: 15      Spells: 8/9 levels left

rFire   . . .      SeeInvis .     - Unarmed
rCold   + + .      Faith    .   (no shield)
rNeg    + + +      Spirit   .   h - +0 plate armour
rPois   inf        Reflect  .   (no helmet)
rElec   .          Harm     .   (no cloak)
rCorr   .          Rampage  .   (no gloves)
Will    .....                   (no boots)
Stlth   ..........              (no amulet)
HPRegen 0.00/turn               d - ring of protection from cold
MPRegen 0.11/turn               f - +6 ring of dexterity

@: inhibited regen
A: claws 1, cold resistance 1, negative energy resistance 3, inhibited
regeneration, torment resistance 2, devour on kill
a: no special abilities


You were on level 5 of the Dungeon.
You visited 1 branch of the dungeon, and saw 7 of its levels.

You collected 205 gold pieces.


Innate Abilities, Weirdness & Mutations

You are immune to poison.
You have sharp fingernails.
Your flesh is cold resistant. (rC+)
You are immune to negative energy. (rN+++)
You do not regenerate when monsters are visible.
You are immune to unholy pain and torment.
You thrive by killing the living.


   Skills:
 - Level 5.1 Fighting
 - Level 1.8 Throwing
 - Level 1.0 Armour
 - Level 1.7 Dodging
 - Level 2.1 Stealth
 + Level 5.2 Unarmed Combat
 - Level 1.7 Spellcasting
 - Level 0.7 Conjurations
 - Level 2.4 Fire Magic


You had 8 spell levels left.
You knew the following spells:

 Your Spells              Type           Power      Damage    Failure   Level
a - Foxfire               Conj/Fire      12%        2x1d4     100%        1

Your spell library contained the following spells:

 Spells                   Type           Power      Damage    Failure   Level
 Scorch                   Fire           10%        2d5       100%        2
 Conjure Flame            Conj/Fire      3%         6-21      100%        3
 Inner Flame              Hex/Fire       2%         N/A       100%        3
 Flame Wave               Conj/Fire      3%         2d5       100%        4

Inventory:

Missiles
 b - 3 javelins (quivered)
Armour
 h - a +0 plate armour (worn)
Jewellery
 d - a ring of protection from cold (left claw)
 f - a +6 ring of dexterity (right claw)
Scrolls
 c - a scroll of identify
Potions
 e - a potion of resistance
 j - a potion of lignification {unknown}

Dungeon Overview and Level Annotations

Branches:
Dungeon (7/15)
 Temple: D:4-7

Altars:
Trog


Message History

The orc wizard is almost dead.
The orc wizard casts a spell at you. The magic dart hits you.
The orc warrior hits you with a +0 hand axe!
You barely miss the orc wizard.
The orc wizard is almost dead.
You claw the orc wizard!
You kill the orc wizard!
You feel better.
The orc warrior hits you but does no damage.
You feel your dexterity returning.
You scratch the orc warrior.
The orc warrior is lightly wounded.
You barely miss the orc warrior.
The orc warrior is lightly wounded.
The orc warrior hits you but does no damage.
You closely miss the orc warrior.
The orc warrior is lightly wounded.
The necrophage hits you.
The orc warrior hits you with a +0 hand axe!
You completely miss the orc warrior.
The orc warrior is lightly wounded.
The necrophage hits you but does no damage.
The orc warrior hits you but does no damage.
You scratch the orc warrior but do no damage.
The orc warrior is lightly wounded.
The necrophage hits you but does no damage.
The orc warrior hits you with a +0 hand axe.
You closely miss the orc warrior.
The orc warrior is lightly wounded.
The necrophage hits you.
The orc warrior hits you but does no damage.
You scratch the orc warrior.
The orc warrior is lightly wounded.
The orc warrior hits you with a +0 hand axe!
The necrophage hits you but does no damage.
You scratch the orc warrior.
The orc warrior is moderately wounded.
The necrophage hits you.
You die...

#.##.. #.#.. #.#.#
#.#.# #...#
####..####### ##
#............
####..###o.........#
.......@#o...>.....#
.......onoo.......##
........#.........#
.....[..#.........#
........#.........#
...=....#...!.....#
........#.<.......#
..................#
...........######


You could see an orc warrior, a necrophage and 2 orcs.

Vanquished Creatures
  Grinder (D:3)
  A water moccasin (D:3)
  A scorpion (D:4)
  A jelly (D:6)
  An orc wizard (D:5)
  7 adders
  4 dart slugs
  An orc (D:3)
  5 bats
  3 endoplasms
  A giant cockroach (D:2)
  8 goblins
  8 hobgoblins
  9 kobolds
  2 ball pythons (D:1)
  3 frilled lizards
  2 rats (D:1)
58 creatures vanquished.

Notes
Turn   | Place    | Note
-------+----------+-------------------------------------------
     0 | D:1      | qw the Ghoul Fire Elementalist began the quest for the Orb.
     0 | D:1      | Reached XP level 1. HP: 14/14 MP: 2/2
     0 | D:1      | 0 ||| qw: Version: 0.1-a-90-g952f4b7
     0 | D:1      | 0 ||| qw: Game counter: 4281
     0 | D:1      | 0 ||| qw: Always use a shield: true
     0 | D:1      | 0 ||| qw: God list: Okawaru
     0 | D:1      | 0 ||| qw: Allow faded altars: false
     0 | D:1      | 0 ||| qw: Do Orc after D:15 true
     0 | D:1      | 0 ||| qw: Do second Lair branch before Depths: true
     0 | D:1      | 0 ||| qw: Lair rune preference: random
     0 | D:1      | 0 ||| qw: Plans: Normal
     0 | D:1      | 0 ||| PLANNING D:1-11
   286 | D:1      | Reached skill level 1 in Unarmed Combat
   587 | D:1      | Reached skill level 1 in Fighting
   587 | D:1      | Reached XP level 2. HP: 23/23 MP: 3/3
   705 | D:1      | HP: 3/23 [kobold/+0 short sword (4)]
  1094 | D:1      | 1094 ||| UPGRADING to ring of protection from cold.
  1095 | D:1      | 1095 ||| READING scroll labelled SOK QEEFRUINUAZ.
  1096 | D:1      | 1096 ||| READING scroll labelled JOAZIUJ YPNO.
  1097 | D:1      | 1097 ||| READING scroll labelled HIACWIR ETHEU.
  1098 | D:1      | 1098 ||| DROPPING potion of magic.
  1142 | D:2      | 1142 ||| Stepping ~*~*~tactically~*~*~ (stealth).
  1156 | D:2      | Reached XP level 3. HP: 23/28 MP: 4/4
  1393 | D:2      | Reached skill level 3 in Unarmed Combat
  1689 | D:2      | 1689 ||| Stepping ~*~*~tactically~*~*~ (hiding).
  1791 | D:2      | 1791 ||| Stepping ~*~*~tactically~*~*~ (hiding).
  1899 | D:2      | Reached XP level 4. HP: 23/35 MP: 5/5
  2388 | D:2      | 2388 ||| Stepping ~*~*~tactically~*~*~ (stealth).
  2393 | D:2      | 2393 ||| Stepping ~*~*~tactically~*~*~ (stealth).
  2394 | D:2      | 2394 ||| Stepping ~*~*~tactically~*~*~ (stealth).
  2396 | D:2      | 2396 ||| Stepping ~*~*~tactically~*~*~ (stealth).
  2402 | D:2      | 2402 ||| Stepping ~*~*~tactically~*~*~ (stealth).
  2414 | D:2      | 2414 ||| Stepping ~*~*~tactically~*~*~ (stealth).
  2424 | D:2      | 2424 ||| Stepping ~*~*~tactically~*~*~ (stealth).
  2427 | D:2      | 2427 ||| Stepping ~*~*~tactically~*~*~ (stealth).
  2441 | D:2      | 2441 ||| Stepping ~*~*~tactically~*~*~ (stealth).
  2443 | D:2      | 2443 ||| Stepping ~*~*~tactically~*~*~ (stealth).
  2445 | D:2      | 2445 ||| Stepping ~*~*~tactically~*~*~ (stealth).
  2446 | D:2      | 2446 ||| Stepping ~*~*~tactically~*~*~ (stealth).
  2448 | D:2      | 2448 ||| Stepping ~*~*~tactically~*~*~ (stealth).
  2449 | D:2      | 2449 ||| Stepping ~*~*~tactically~*~*~ (stealth).
  2450 | D:2      | 2450 ||| Stepping ~*~*~tactically~*~*~ (stealth).
  2565 | D:2      | 2565 ||| UPGRADING to +0 ring mail.
  2575 | D:2      | 2575 ||| DROPPING +0 robe.
  2576 | D:2      | 2576 ||| UPGRADING to +0 scale mail.
  2586 | D:2      | 2586 ||| DROPPING +0 ring mail.
  2587 | D:2      | 2587 ||| READING scroll labelled DOIC AMMEC.
  2592 | D:2      | 2592 ||| READING scroll labelled ORU TOAGEAG.
  2593 | D:2      | 2593 ||| READING scroll labelled GINWOSHRUID.
  2594 | D:2      | 2594 ||| READING scroll labelled VEIVEE URUF DEUZ.
  2595 | D:2      | 2595 ||| READING scroll labelled HAMME JAJAF.
  2596 | D:2      | 2596 ||| READING scroll labelled PUAFEAHAVO.
  2597 | D:2      | 2597 ||| READING scroll labelled YNONEE ROZI.
  2641 | D:3      | Found a faded altar of an unknown god.
  3049 | D:3      | Noticed Grinder
  3056 | D:3      | 3056 ||| FLEEEEING.
  3057 | D:3      | 3057 ||| FLEEEEING.
  3058 | D:3      | 3058 ||| FLEEEEING.
  3064 | D:3      | 3064 ||| FLEEEEING.
  3087 | D:3      | Killed Grinder
  3088 | D:3      | Reached XP level 5. HP: 16/48 MP: 6/6
  3088 | D:3      | Reached XP level 6. HP: 19/56 MP: 7/7
  3377 | D:3      | 3377 ||| UPGRADING to +6 ring of dexterity.
  3378 | D:3      | 3378 ||| DRINKING 2 green potions.
  3379 | D:3      | 3379 ||| READING 2 scrolls of identify.
  3379 | D:3      | 3379 ||| IDENTIFYING smoky black potion
  3380 | D:3      | 3380 ||| DROPPING potion of degeneration.
  3401 | D:4      | Noticed a water moccasin
  3405 | D:4      | 3405 ||| STAIRDANCE
  3416 | D:3      | Killed a water moccasin
  3826 | D:4      | Reached skill level 1 in Throwing
  3826 | D:4      | Reached XP level 7. HP: 51/61 MP: 8/8
  3909 | D:4      | You fall into a shaft and drop 3 floors!
  3916 | D:7      | 3916 ||| UPGRADING to +0 plate armour.
  3926 | D:7      | 3926 ||| DROPPING +0 scale mail.
  3927 | D:7      | 3927 ||| DRINKING 2 emerald potions.
  3928 | D:7      | 3928 ||| READING 3 scrolls of identify.
  3928 | D:7      | 3928 ||| IDENTIFYING bubbling clear potion
  3929 | D:7      | 3929 ||| READING 2 scrolls of identify.
  3929 | D:7      | 3929 ||| IDENTIFYING smoky dark potion
  3930 | D:7      | 3930 ||| DROPPING potion of berserk rage.
  3931 | D:7      | 3931 ||| DROPPING potion of flight.
  3932 | D:7      | 3932 ||| DROPPING potion of attraction.
  3956 | D:6      | HP: 14/61 [acid (7)]
  4276 | D:6      | Found a bloodstained altar of Trog.
  4277 | D:6      | 4277 ||| Stepping ~*~*~tactically~*~*~ (stealth).
  4282 | D:6      | Reached skill level 1 in Armour
  4371 | D:6      | 4371 ||| DROPPING +4 chain mail of poison resistance.
  4390 | D:5      | Entered Level 5 of the Dungeon
  4392 | D:5      | 4392 ||| Stepping ~*~*~tactically~*~*~ (outnumbered).
  4393 | D:5      | 4393 ||| Stepping ~*~*~tactically~*~*~ (outnumbered).
  4394 | D:5      | 4394 ||| Stepping ~*~*~tactically~*~*~ (outnumbered).
  4397 | D:5      | 4397 ||| Stepping ~*~*~tactically~*~*~ (outnumbered).
  4398 | D:5      | 4398 ||| Stepping ~*~*~tactically~*~*~ (outnumbered).
  4415 | D:5      | HP: 6/61 [orc warrior/+0 hand axe (12)]
  4416 | D:5      | Slain by a necrophage

Levels and vault maps discovered:
D:1:      saegor_arrival_under_anarchy, layout_basic
D:2:      layout_loops_ring, minivault_24, minivault_11
D:3:      layout_rooms, dreamdust_ecumenical_altar_grove, uniq_grinder
D:4:      layout_basic
D:5:      layout_rooms, nicolae_overflow_squiral, minmay_joined_circles,
          uniq_eustachio
D:6:      layout_loops_ring, trog_hazing_becter, nicolae_wu_jian_glorious_leap,
          kennysheep_little_box, uniq_duvessa, uniq_sigmund,
          uniq_crazy_yiuf_cottage
D:7:      layout_loops_cross, tgw_kikubaaqudgha, mainiacjoe_overflow_boulevard,
          lemuel_crystal_altar, minmay_temple_entry_drinking_statues,
          serial_bayou, serial_bayou_pond_b, serial_bayou_lagoon_a,
          serial_bayou_pond_c, serial_bayou_pond_d

Skill      XL: |  1  2  3  4  5  6  7 |
---------------+----------------------+-----
Unarmed Combat | 1 2 3 4 5 |  5.2
Fighting       | 1 5 |  5.1
Throwing       | 1 |  1.8
Armour         | 1 |  1.0
Dodging        | |  1.7
Stealth        | |  2.1
Spellcasting   | |  1.7
Conjurations   | |  0.7
Fire Magic     | |  2.4

Action                   |  1- 3 |  4- 6 |  7- 9 || total
-------------------------+-------+-------+-------++-------
Melee: Unarmed           |    80 |   128 |    48 ||   256
       Punch             |     3 |       |     1 ||     4
Throw: Javelin           |       |    17 |     5 ||    22
  Use: Scroll            |     3 |     8 |     2 ||    13
       Potion            |       |     1 |     1 ||     2
Armor: Robe              |    11 |     5 |       ||    16
       Scale mail        |       |    36 |       ||    36
       Plate armour      |       |       |    41 ||    41
Dodge: Dodged            |    41 |    60 |     8 ||   109

Table legend:
 A = Non-vault XP
 B = Vault XP
 C = Vault XP percentage of total XP
 D = Non-vault monster count
 E = Vault monster count
 F = Vault count percentage of total count
                 A         B        C        D         E       F
            +---------+---------+-------+---------+---------+-------
      Total |     481 |     300 |  38.4 |      51 |       7 |  12.1
            +---------+---------+-------+---------+---------+-------
        D:1 |      22 |       0 |   0.0 |      13 |       0 |   0.0
        D:2 |      83 |       0 |   0.0 |      19 |       0 |   0.0
        D:3 |     171 |     290 |  62.9 |       9 |       1 |  10.0
        D:4 |     110 |       0 |   0.0 |       7 |       0 |   0.0
        D:5 |      37 |       0 |   0.0 |       1 |       0 |   0.0
        D:6 |      58 |      10 |  14.7 |       2 |       6 |  75.0
            +---------+---------+-------+---------+---------+-------
